AoeStats
← Tunga

Arabia

505636805Analyzed
1v1 RM · 23d ago on Sep 10, 2026· 41m 59s· 2 players
Game mode
Random Map
Map size
Tiny (2 player)
Population
200
Speed
Normal
Resources
Standard
Victory
Conquest
Starting age
Dark Age
Ending age
Imperial Age
RankedLock teamsTeams togetherTeam positionsShared explorationLock speedFull tech treeHidden civsTurbo modeCheats
Victory
Defeat
🇹🇷 Burmese · Türkiye
728
+16
🇨🇭 Romans · Switzerland
721
-16
The_KaizeI2
10:41 Feudal Age
11:10 Double-Bit Axe
20:44 Man-at-Arms
22:38 Forging
26:25 Castle Age
25:21 Scale Mail Armor
27:55 Fletching
27:28 Long Swordsman
27:30 Pikeman
39:46 Imperial Age
Tunga
13:22 Feudal Age
13:47 Horse Collar
14:51 Man-at-Arms
20:01 Padded Archer Armor
19:53 Fletching
20:25 Loom
21:15 Wheelbarrow
22:51 Bloodlines
24:18 Town Watch
25:41 Stone Mining
29:51 Castle Age
31:42 Elite Skirmisher
33:58 Hand Cart
36:32 Manipur Cavalry
39:35 Imperial Age
40:59 Gold Mining
Connection lost

Rejoining the realm…

Still unreachable

The connection could not be restored.

Session expired

The server has moved on; the page needs a fresh start.